 Dungeon Crawl Stone Soup version 0.18.1-48-g4cf74bf (webtiles) character file.

3334 boogeech the Covered (level 9, -1/85 HPs)
             Began as a Deep Dwarf Fighter on June 28, 2016.
             Was an Initiate of Makhleb.
             Slain by an orc warrior
             ... wielding a +0 scimitar
              (11 damage)
             ... on level 7 of the Dungeon.
             The game lasted 00:26:28 (6163 turns).

boogeech the Covered (Deep Dwarf Fighter)           Turns: 6163, Time: 00:26:29

Health: -1/85      AC:  5    Str: 19    XL:     9   Next: 71%
Magic:  5/5        EV:  6    Int:  9    God:    Makhleb [......]
Gold:   313        SH:  8    Dex: 12    Spells: 0 memorised, 8 levels left

rFire  . . .     SeeInvis .     a - +1 war axe
rCold  . . .     Gourm    .     b - +0 scale mail
rNeg   . . .     Faith    .     c - +0 shield
rPois  .         Spirit   .     (no helmet)
rElec  .         Dismiss  .     u - +0 cloak
rCorr  .         Reflect  .     B - +0 pair of gloves
SustAt .         Harm     .     (no boots)
MR     ++...                    (no amulet)
Stlth  ..........               (no ring)
                                (no ring)

@: non-regenerating, very heavily drained, very resistant to hostile
enchantments, extremely unstealthy
A: damage resistance, recharge devices, deformed body, dopey 1, magic resistance
1, sense surroundings 2, slow regeneration 3, weak 1
a: Device Recharging, Renounce Religion


You were on level 7 of the Dungeon.
You worshipped Makhleb.
Makhleb was noncommittal.
You were not hungry.

You visited 2 branches of the dungeon, and saw 9 of its levels.

You collected 313 gold pieces.

Inventory:

Hand Weapons
 a - a +1 war axe (weapon)
 z - a +0 shortbow
Missiles
 C - 113 arrows
Armour
 b - a +0 scale mail (worn)
 c - a +0 shield (worn)
 u - a +0 cloak (worn)
 B - a +0 pair of gloves (worn)
Jewellery
 l - an uncursed amulet of faith
 n - an uncursed ring of ice
 E - a cursed ring of loudness
 H - an uncursed ring of flight
 J - an uncursed ring of flight
 N - an uncursed ring of magical power
Wands
 e - a wand of heal wounds (3/9)
 s - a wand of iceblast (3/15)
 t - a wand of slowing (28/48)
 G - a wand of slowing (20/48)
Scrolls
 g - 2 scrolls of magic mapping {unknown}
 j - 4 scrolls of remove curse {unknown}
 k - 3 scrolls of blinking {unknown}
 q - 3 scrolls of enchant weapon
 w - a scroll of immolation {unknown}
 y - 2 scrolls of teleportation {unknown}
 D - a scroll of amnesia {unknown}
 F - a scroll of noise {unknown}
Potions
 d - 2 potions of magic
 m - a potion of agility
 o - 4 potions of curing
 v - a potion of lignification
 x - a potion of cancellation {unknown}
 A - a potion of ambrosia {unknown}
 K - a potion of might
 L - a potion of flight {unknown}
 M - a potion of haste {unknown}
Books
 i - a book of Flames

   Spells                             Type                      Level
   a - Flame Tongue                   Conjuration/Fire             1
   b - Throw Flame                    Conjuration/Fire             2
   c - Conjure Flame                  Conjuration/Fire             3
   d - Inner Flame                    Hexes/Fire                   3
   e - Sticky Flame                   Conjuration/Fire             4
   f - Fireball                       Conjuration/Fire             5
Comestibles
 f - 4 bread rations
 h - 2 meat rations
 I - a beef jerky


   Skills:
 * Level 6.5(1.6) Fighting
 * Level 7.0(2.0) Axes
 * Level 7.1(2.1) Armour
 + Level 4.6(0.0) Dodging
 + Level 5.3(0.5) Stealth
 + Level 5.9(1.0) Shields
 + Level 5.7(0.9) Evocations


You had 8 spell levels left.
You didn't know any spells.

Dungeon Overview and Level Annotations

Branches:
Dungeon (8/15)             Temple (1/1) D:6
   Lair: D:8-11

Altars:
Ashenzari
Cheibriados
Dithmenos
Elyvilon
Fedhas
Gozag
Kikubaaqudgha
Makhleb
Nemelex Xobeh
Okawaru
Pakellas
Qazlal
Ru
Trog
Vehumet
Yredelemnul


Innate Abilities, Weirdness & Mutations

You are resistant to damage.
You can recharge devices by infusing magical energy.
You passively map the area around you.
You do not regenerate naturally.
Armour fits poorly on your strangely shaped body.
You are dopey. (Int -2)
You are resistant to hostile enchantments.
You are weak. (Str -2)


Message History

Something hits you.
A puff of frost appears from out of thin air!
The puff of frost hits you!
There is an open door here.
An orc wizard appears from thin air!
Reactivating autopickup.
Your shield and scale mail prevent you from hitting the orc warrior.
The orc warrior is moderately wounded.
You block the orc warrior's attack.
Your shield and scale mail prevent you from hitting the orc warrior.
The orc warrior is moderately wounded.
You block the orc warrior's attack. x2
You barely miss the orc warrior.
The orc warrior is moderately wounded.
The orc warrior hits you with a scimitar!
* * * LOW HITPOINT WARNING * * *
You closely miss the orc warrior.
The orc warrior is moderately wounded.
The orc warrior hits you with a scimitar!
You die...

.....#..................#
.....#..................#
.....#....######'##.....#
.....#....#.......#.....#
.....#....#.......#.....#
.###'#...oo.......#.....#
##........#....oo.#.....#
.#........#..###o##.....#
.#...o#####..###@########
.+...o# #..#...#.....#
.#....# #..#...#.....#
.#....# #..#...#.....#
##...[###############..#
............####....#..#
.....o......#..#....#..#
......o.....#..'....#..#
............#..#....#'###


You could see 2 orc warriors and an orc wizard.

Vanquished Creatures
  Prince Ribbit (D:6)
  Grinder (D:5)
  Sigmund (D:5)
  Eustachio (D:5)
  Edmund (D:6)
  2 sky beasts (D:5)
  An ice beast (D:6)
  2 phantoms (D:6)
  An ogre (D:4)
  4 centaurs
  3 giant frogs
  A gnoll sergeant (D:5)
  3 scorpions
  5 wights (D:7)
  A crimson imp (D:7)
  An orc priest (D:4)
  4 hounds
  8 orc wizards
  Crazy Yiuf (D:3)
  An iguana (D:5)
  A centaur skeleton (D:6)
  7 worker ants
  Ijyb (D:3)
  2 hell rats (D:5)
  A killer bee zombie (D:6)
  A hound skeleton (D:6)
  A howler monkey zombie (D:6)
  A worker ant zombie (D:7)
  5 adders
  9 gnolls (D:5)
  5 river rats (D:5)
  A shadow imp (D:6)
  2 oozes
  An adder zombie (D:6)
  3 adder skeletons
  3 worms
  2 dart slugs
  3 giant geckos
  24 orcs
  4 bats
  4 giant cockroaches
  6 goblins
  8 hobgoblins
  3 jackals (D:3)
  4 kobolds
  2 quokkas
  3 ball pythons
  A giant cockroach zombie (D:5)
  2 giant newts
  A quokka zombie (D:5)
  29 rats
183 creatures vanquished.

Notes
Turn   | Place    | Note
--------------------------------------------------------------
     0 | D:1      | boogeech the Deep Dwarf Fighter began the quest for the Orb.
     0 | D:1      | Reached XP level 1. HP: 20/20 MP: 1/1
   147 | D:1      | Reached XP level 2. HP: 25/28 MP: 2/2
   554 | D:2      | Reached XP level 3. HP: 23/34 MP: 3/3
  1186 | D:3      | Found a sacrificial altar of Ru.
  1208 | D:3      | Reached skill level 1 in Stealth
  1208 | D:3      | Reached XP level 4. HP: 38/42 MP: 4/4
  1308 | D:3      | Reached skill level 1 in Evocations
  1332 | D:3      | Reached XP level 5. HP: 15/50 MP: 6/6
  1434 | D:3      | Noticed Ijyb
  1456 | D:3      | Killed Ijyb
  1456 | D:3      | Reached skill level 1 in Dodging
  1460 | D:3      | Noticed Crazy Yiuf
  1473 | D:3      | Killed Crazy Yiuf
  1528 | D:3      | Found a faded altar to an unknown god.
  2051 | D:4      | Found a shadowy altar of Dithmenos.
  2053 | D:4      | Noticed an ogre
  2099 | D:4      | Killed an ogre
  2099 | D:4      | Reached XP level 6. HP: 29/57 MP: 7/7
  2401 | D:4      | Found an oddly glowing altar of Pakellas.
  2428 | D:4      | Reached XP level 7. HP: 50/66 MP: 5/7
  2711 | D:5      | Entered Level 5 of the Dungeon
  2712 | D:5      | Noticed Eustachio
  2716 | D:5      | Noticed Sigmund
  2728 | D:5      | Killed Sigmund
  2728 | D:5      | Reached skill level 5 in Armour
  2753 | D:5      | Killed Eustachio
  2907 | D:5      | Gained mutation: Your spells are a little harder to cast, but a little more powerful. [mutagenic meat]
  2908 | D:5      | Gained mutation: Armour fits poorly on your strangely shaped body. [mutagenic meat]
  2909 | D:5      | Lost mutation: Your spells are a little harder to cast, but a little more powerful. [mutagenic meat]
  3197 | D:5      | Reached XP level 8. HP: 33/73 MP: 8/8
  3202 | D:5      | Reached skill level 5 in Fighting
  3287 | D:5      | Gained mutation: You are dopey. (Int -2) [mutagenic meat]
  3288 | D:5      | Gained mutation: You are resistant to hostile enchantments. [mutagenic meat]
  3289 | D:5      | Gained mutation: You are weak. (Str -2) [mutagenic meat]
  3456 | D:5      | Reached skill level 5 in Axes
  3575 | D:5      | Found a sacrificial altar of Ru.
  3575 | D:5      | Found a shattered altar of Ashenzari.
  3730 | D:5      | Noticed Grinder
  3747 | D:5      | Killed Grinder
  3747 | D:5      | Reached skill level 5 in Shields
  4444 | D:6      | Found an ancient bone altar of Kikubaaqudgha.
  4465 | D:6      | Noticed Edmund
  4490 | D:6      | Killed Edmund
  4490 | D:6      | Gained mutation: You passively map the area around you. [Deep Dwarf growth]
  4490 | D:6      | Reached XP level 9. HP: 32/82 MP: 7/7
  4666 | D:6      | Noticed Prince Ribbit
  4685 | D:6      | Killed Prince Ribbit
  4685 | D:6      | Reached skill level 5 in Evocations
  4952 | D:6      | Found a staircase to the Ecumenical Temple.
  4962 | Temple   | Entered the Ecumenical Temple
  5070 | Temple   | Became a worshipper of Makhleb the Destroyer
  5166 | D:6      | Reached skill level 5 in Stealth
  6163 | D:7      | Slain by an orc warrior

Skill      XL: |  1  2  3  4  5  6  7  8  9 |
---------------+----------------------------+-----
Fighting       | 3 4 5 6 |  6.5
Stealth        | 1 2 3 4 5 |  5.3
Axes           | 3 4 6 7 |  7.0
Armour         | 4 5 6 7 |  7.1
Evocations     | 1 2 3 4 5 |  5.7
Dodging        | 1 2 4 |  4.6
Shields        | 4 5 |  5.9

Action                   |  1- 3 |  4- 6 |  7- 9 || total
-------------------------+-------+-------+-------++-------
Melee: War axe           |    98 |   225 |   649 ||   972
 Abil: Device Recharging |       |     2 |     6 ||     8
Evoke: Wand              |     1 |    11 |    30 ||    42
  Use: Potion            |       |       |     2 ||     2
       Scroll            |       |       |    10 ||    10
 Stab: Paralysed         |     2 |       |       ||     2
       Invisible         |       |       |     4 ||     4
  Eat: Pizza             |     1 |       |     4 ||     5
       Chunk             |       |     4 |    15 ||    19
       Beef jerky        |       |       |     1 ||     1
Armor: Scale mail        |    38 |   116 |   228 ||   382
Dodge: Dodged            |    33 |    70 |   218 ||   321
Block: Shield            |    46 |   101 |   360 ||   507
